 Dungeon Crawl Stone Soup version 0.21.1-1-g345015f (webtiles) character file.

79 Matador8 the Poker (level 4, -2/33 HPs)
             Began as a Merfolk Skald on Apr 17, 2018.
             Slain by an adder (4 damage)
             ... on level 3 of the Dungeon.
             The game lasted 00:10:10 (1727 turns).

Matador8 the Poker (Merfolk Skald)                  Turns: 1727, Time: 00:10:11

Health: -2/33      AC:  4    Str: 10 (11) XL:     4   Next: 38%
Magic:  7/7        EV: 12    Int: 17 (18) God:
Gold:   151        SH:  0    Dex: 11 (13) Spells: 1/7 levels left

rFire    . . .     SeeInvis .   p - +2 trident (freeze)
rCold    . . .     Gourm    .   (no shield)
rNeg     . . .     Faith    .   b - +0 leather armour
rPois    .         Spirit   .   (no helmet)
rElec    .         Reflect  .   (no cloak)
rCorr    .         Harm     .   q - +0 pair of gloves
MR       .....                  (no boots)
Stlth    +.........             (no amulet)
HPRegen  0.11/turn              (no ring)
MPRegen  0.10/turn              (no ring)

@: brilliant
A: change form in water, swift swim, stealthy swim
a: no special abilities


You were on level 3 of the Dungeon.
You were not hungry.

You visited 1 branch of the dungeon, and saw 4 of its levels.

You collected 151 gold pieces.

Inventory:

Hand Weapons
 a - a +0 spear
 p - a +2 trident of freezing (weapon)
Armour
 b - a +0 leather armour (worn)
 q - a +0 pair of gloves (worn)
 w - a +1 ring mail of cold resistance
Jewellery
 i - an uncursed amulet of faith {unknown}
 n - an uncursed ring of fire {unknown}
 y - an uncursed ring of protection from cold {unknown}
Scrolls
 e - 2 scrolls of remove curse {unknown}
 k - a scroll of enchant armour {unknown}
 l - a scroll of identify {unknown}
 s - a scroll of amnesia {unknown}
 t - 2 scrolls of enchant weapon {unknown}
 u - a scroll of blinking {unknown}
 v - a scroll of magic mapping {unknown}
 x - a scroll of random uselessness {unknown}
Potions
 f - a potion of haste {unknown}
 h - a potion of degeneration
 j - a potion of lignification {unknown}
 m - a potion of curing
 o - a potion of brilliance
 r - a potion of berserk rage {unknown}
Books
 c - a book of Battle

   Spells                             Type                      Level
   a - Infusion                       Charms                       1
   b - Shroud of Golubria             Charms/Translocation         2
   c - Song of Slaying                Charms                       2
   d - Spectral Weapon                Hexes/Charms                 3
   e - Regeneration                   Charms/Necromancy            3
Comestibles
 d - 4 rations
 g - 8 chunks of flesh


   Skills:
 - Level 2.1 Fighting
 + Level 5.1 Polearms
 - Level 0.6 Armour
 - Level 2.6 Dodging
 - Level 2.0 Spellcasting
 + Level 4.5 Charms


You had one spell level left.
You knew the following spells:

 Your Spells              Type           Power        Failure   Level  Hunger
a - Infusion              Chrm           ####         1%          1    #......
b - Shroud of Golubria    Chrm/Tloc      ###.......   1%          2    ###....
c - Spectral Weapon       Hex/Chrm       ###.....     3%          3    ###....


Dungeon Overview and Level Annotations

Branches:
Dungeon (4/15)
 Temple: D:4-7

Altars:
Wu Jian

Annotations:
D:3 Grinder, Sigmund


Message History

There was something very wrong with that liquid.
You feel weakened.
You feel dopey.
You feel clumsy. The adder bites you.
* * * LOW HITPOINT WARNING * * *
You are lethally poisoned!
The adder poisons you! Sigmund barely misses you. The adder bites you.
* * * LOW HITPOINT WARNING * * *
It was a potion of brilliance.
You feel clever all of a sudden.
* * * LOW HITPOINT WARNING * * *
You feel sick. The adder barely misses you.
It was a potion of curing.
You feel better. Sigmund closely misses you. The adder bites you.
* * * LOW HITPOINT WARNING * * *
Sigmund hits you from afar with a scythe of flaming.
* * * LOW HITPOINT WARNING * * *
Sigmund burns you.
* * * LOW HITPOINT WARNING * * *
The adder bites you.
You die...

#.##.##.....##
#.# #.##.##.#####
#.# #....##.# #.#
###.....######
### #.#
#............ ..#
#.#
#...#####.#####.#
#..........>..#.#
#........#..#.#.#
....#.###
##.S@<.# .....#.#
#...#.##
#.###.#.#
#.##.@..## #. #.
.# ... ##....#
..... #.(.# ##.#.
#..(# #... ..##(#
# #.# #...# #.
#.#.#


You could see Sigmund and an adder.

Vanquished Creatures
  Terence (D:2)
  A worm (D:3)
  2 dart slugs
  A leopard gecko (D:2)
  An orc (D:2)
  4 bats
  A giant cockroach (D:1)
  7 goblins
  7 hobgoblins
  4 jackals
  6 kobolds
  8 rats
43 creatures vanquished.

Notes
Turn   | Place    | Note
-------+----------+-------------------------------------------
     0 | D:1      | Matador8 the Merfolk Skald began the quest for the Orb.
     0 | D:1      | Reached XP level 1. HP: 16/16 MP: 3/3
    76 | D:1      | Reached XP level 2. HP: 9/22 MP: 0/5
   602 | D:1      | Reached skill level 4 in Polearms
   640 | D:1      | Reached XP level 3. HP: 26/27 MP: 1/6
   942 | D:1      | Learned a level 2 spell: Shroud of Golubria
   946 | D:1      | Learned a level 3 spell: Spectral Weapon
  1316 | D:2      | Found an ornate altar of the Wu Jian Council.
  1316 | D:2      | Noticed Terence
  1335 | D:2      | Killed Terence
  1335 | D:2      | Reached XP level 4. HP: 15/33 MP: 4/7
  1550 | D:3      | Reached skill level 5 in Polearms
  1632 | D:3      | Noticed Grinder
  1633 | D:3      | Paralysed by Grinder for 3 turns
  1686 | D:3      | Noticed Sigmund
  1724 | D:3      | HP: 1/33 [adder (2)]
  1727 | D:3      | Slain by an adder

Skill      XL: |  1  2  3  4 |
---------------+-------------+-----
Polearms       | 4 5 |  5.1
Charms         | 4 |  4.5
Fighting       | |  2.1
Armour         | |  0.6
Dodging        | |  2.6
Spellcasting   | |  2.0

Action                   |  1- 3 |  4- 6 || total
-------------------------+-------+-------++-------
Melee: Spear             |    95 |       ||    95
       Trident           |    25 |    15 ||    40
 Cast: Infusion          |     6 |       ||     6
  Use: Potion            |       |     3 ||     3
  Eat: Chunk             |     1 |     2 ||     3
Armor: Leather armour    |    13 |     4 ||    17
Dodge: Dodged            |    44 |    13 ||    57
